 Dungeon Crawl Stone Soup version 0.24-a0-335-g06ca16a (webtiles) character file.

Game seed: 14157762566999715621

236 Borgoz the Twirler (level 6, -2/37 HPs)
             Began as a Gargoyle Gladiator on May 19, 2019.
             Killed from afar by Dowan (12 damage)
             ... with a stone arrow
             ... on level 4 of the Dungeon.
             The game lasted 00:03:31 (2292 turns).

Borgoz the Twirler (Gargoyle Gladiator)             Turns: 2292, Time: 00:03:31

Health: -2/37      AC: 12    Str: 18    XL:     6   Next: 6%
Magic:  6/6        EV: 11    Int:  8    God:
Gold:   108        SH:  5    Dex: 13    Spells: 5/5 levels left

rFire    + . .     SeeInvis .   a - +0 quarterstaff
rCold    . . .     Gourm    .   (shield currently unavailable)
rNeg     + . .     Faith    .   u - +0 scale mail
rPois    ∞         Spirit   .   c - +0 helmet
rElec    +         Reflect  +   (no cloak)
rCorr    .         Harm     .   (no gloves)
MR       .....                  (no boots)
Stlth    ..........             g - +5 amulet of reflection
HPRegen  0.12/turn              t - ring of protection from fire
MPRegen  0.10/turn              (no ring)

@: no status effects
A: negative energy resistance 1, electricity resistance, unbreathing,
petrification resistance, rot immunity, AC +4
a: no special abilities


You were on level 4 of the Dungeon.
You were hungry.

You visited 1 branch of the dungeon, and saw 4 of its levels.

You collected 108 gold pieces.

Inventory:

Hand Weapons
 a - a +0 quarterstaff (weapon)
Missiles
 d - 3 throwing nets (quivered)
Armour
 c - a +0 helmet (worn)
 u - a +0 scale mail (worn)
Jewellery
 g - a +5 amulet of reflection (around neck)
 h - an uncursed amulet of magic regeneration
 l - an uncursed amulet of the acrobat
 n - an uncursed ring of wizardry
 t - a ring of protection from fire (left hand)
Scrolls
 i - 2 scrolls of teleportation
 k - a scroll of identify {unknown}
 m - 3 scrolls of remove curse
 p - a scroll of enchant armour {unknown}
 q - a scroll of random uselessness {unknown}
 r - 2 scrolls of amnesia {unknown}
 w - a scroll of fog {unknown}
Potions
 e - a potion of lignification {unknown}
 j - 3 potions of curing {unknown}
 o - a potion of mutation {unknown}
 s - a potion of haste {unknown}
 v - a potion of flight {unknown}
 x - a potion of resistance {unknown}
Comestibles
 f - 5 rations


   Skills:
 + Level 3.2 Fighting
 * Level 4.4 Staves
 - Level 1.7 Throwing
 + Level 2.5 Armour
 * Level 3.6 Dodging


You had 5 spell levels left.
You didn't know any spells.
Your spell library contained the following spells:

 Spells                   Type           Power        Failure   Level  Hunger
 Beastly Appendage        Tmut           #.....       80%         1    ##.....
 Sticks to Snakes         Tmut           #.......     91%         2    ###....
 Spider Form              Tmut/Pois      #.........   99%         3    ####...
 Ice Form                 Ice/Tmut       #.......     100%        4    #####..
 Blade Hands              Tmut           #.........   100%        5    ######.


Dungeon Overview and Level Annotations

Branches:
Dungeon (4/15)
 Temple: D:4-7

Altars:
Gozag

Annotations:
D:4 Dowan


Innate Abilities, Weirdness & Mutations

You are resistant to torment.
Your stone body is resilient. (AC +4)
You are immune to poison.
You resist negative energy. (rN+)
You are resistant to electric shocks. (rElec)
You can survive without breathing.
You are immune to petrification.
You are immune to rotting.


Message History

Dowan blinks!
You aren't carrying any items that you can evoke.
Dowan casts a spell at you. The shard of ice hits you!
* * * LOW HITPOINT WARNING * * *
You closely miss Dowan.
Dowan is severely wounded.
Dowan hits you but does no damage.
Your scale mail prevents you from hitting Dowan.
Dowan is severely wounded.
Dowan completely misses you. Dowan hits you but does no damage.
You closely miss Dowan.
Dowan is severely wounded.
Dowan misses you.
You barely miss Dowan.
Dowan is severely wounded.
Dowan is no longer moving quickly.
Dowan hits you but does no damage. Dowan casts a spell at you.
The stone arrow hits you!
You die...

#.# #....... #.# #.######
##.#######.## #
##...#.......##### #
......###......## #.
...#.###...##.## ##.#
#)##.......##.## ...
#...##.######..###.## #
#..##..e@................ #.
#..##...##+###########.##
#.###..######...## #..#
###......# ##.....## ##.##
........# ##.......## ##..#
.##.#....###.........####...##
...........'<........'.......#
#......###.>.......####...##
#.##..## ##....>..## #....#


You could see Dowan.

Vanquished Creatures
  Duvessa (D:4)
  5 adders
  3 worms
  5 dart slugs
  6 leopard geckos
  4 giant cockroaches
  8 hobgoblins
  8 jackals
  A quokka (D:4)
  A ball python (D:2)
  3 frilled lizards
  13 goblins
  4 kobolds
  4 rats
66 creatures vanquished.

Notes
Turn   | Place    | Note
-------+----------+-------------------------------------------
     0 | D:1      | Borgoz the Gargoyle Gladiator began the quest for the Orb.
     0 | D:1      | Reached XP level 1. HP: 12/12 MP: 1/1
   186 | D:1      | Reached XP level 2. HP: 17/17 MP: 2/2
   589 | D:1      | Reached skill level 1 in Armour
   589 | D:1      | Reached XP level 3. HP: 22/22 MP: 3/3
   848 | D:2      | Reached XP level 4. HP: 25/27 MP: 4/4
   897 | D:2      | Found a faded altar of an unknown god.
  1336 | D:3      | Found an opulent altar of Gozag.
  1733 | D:3      | Reached XP level 5. HP: 32/32 MP: 5/5
  1958 | D:3      | Reached skill level 4 in Staves
  2248 | D:4      | Noticed Duvessa
  2248 | D:4      | Noticed Dowan
  2267 | D:4      | Killed Duvessa
  2267 | D:4      | Reached XP level 6. HP: 17/37 MP: 6/6
  2292 | D:4      | Killed from afar by Dowan

Levels and vault maps discovered:
D:1:      psy_arrival_dodecagon, layout_loops_ring
D:2:      layout_loops_ring, first_ration,
          chequers_ecumenical_altar_simple_redux
D:3:      layout_basic, nicolae_gozag_seed_capital, kennysheep_generic_room_15
D:4:      layout_loops_corners, tgw_trog, uniq_duvessa

Skill      XL: |  1  2  3  4  5 |
---------------+----------------+-----
Armour         | 1 2 |  2.5
Dodging        | 3 |  3.6
Staves         | 4 |  4.4
Fighting       | 3 |  3.2
Throwing       | |  1.7

Action                   |  1- 3 |  4- 6 || total
-------------------------+-------+-------++-------
Melee: Quarterstaff      |    82 |   155 ||   237
  Use: Scroll            |     1 |     1 ||     2
  Eat: Chunk             |       |     4 ||     4
Armor: Leather armour    |    15 |       ||    15
       Ring mail         |    14 |    34 ||    48
       Scale mail        |       |    29 ||    29
Dodge: Dodged            |    53 |   115 ||   168
Block: Other             |       |    16 ||    16

Table legend:
 A = Non-vault XP
 B = Vault XP
 C = Vault XP percentage of total XP
 D = Non-vault monster count
 E = Vault monster count
 F = Vault count percentage of total count
                 A         B        C        D         E       F
            +---------+---------+-------+---------+---------+-------
      Total |     183 |     155 |  45.9 |      64 |       2 |   3.0
            +---------+---------+-------+---------+---------+-------
        D:1 |      34 |       0 |   0.0 |      16 |       0 |   0.0
        D:2 |     103 |       0 |   0.0 |      29 |       0 |   0.0
        D:3 |      43 |      13 |  23.2 |      17 |       1 |   5.6
        D:4 |       3 |     142 |  97.9 |       2 |       1 |  33.3
            +---------+---------+-------+---------+---------+-------
